 Dungeon Crawl Stone Soup version 0.31-a0-4-gefa6de2278 (webtiles) character file.

Game seed: 10903459697964588599

3122 Arzdou the Cleaver (level 9, -1/73 (74) HPs)
             Began as a Gnoll Cinder Acolyte on May 3, 2023.
             Was a Follower of Okawaru.
             Slain by a fire elemental (6 damage)
             ... created by the fiery vengeance of Ignis
             ... on level 8 of the Dungeon.
             The game lasted 00:17:29 (9443 turns).

Arzdou the Cleaver (Gnoll Cinder Acolyte)           Turns: 9443, Time: 00:17:31

HP:   -1/73 (74)    AC: 11    Str: 15    XL:     9   Next: 91%
MP:   15/17         EV: 12    Int: 15    God:    Okawaru [*.....]
Gold: 443           SH:  0    Dex:  9    Spells: 14/19 levels left

rFire   . . .        E - +0 battleaxe
rCold   . . .        (shield currently unavailable)
rNeg    . . .        D - +0 scale mail
rPois   .            (no helmet)
rElec   .            (no cloak)
rCorr   .            r - +1 pair of gloves
SInv    .            (no boots)
Will    .....        x - amulet of regeneration
Stlth   +++          d - ring of wizardry
HPRegen 1.12/turn    h - ring of wizardry
MPRegen 0.15/turn

%: wizardry (x2)
@: heroic, lightly drained, fire susceptible
A: fangs 1, strong nose, distributed training
a: Renounce Religion, Heroism


You were on level 8 of the Dungeon.
You worshipped Okawaru.
Okawaru was aware of your devotion.
You visited 1 branch of the dungeon, and saw 8 of its levels.

You collected 443 gold pieces.

Inventory:

Hand Weapons
 a - a -1 hand axe of flaming
 b - a +2 sling of freezing
 v - a +2 whip of flaming
 E - a +0 battleaxe (weapon)
Missiles
 p - a throwing net
 C - 6 poisoned darts
Armour
 i - a +0 leather armour
 m - a +0 plate armour
 r - a +1 pair of gloves (worn)
 s - a +0 robe
 D - a +0 scale mail (worn)
Jewellery
 d - a ring of wizardry (left hand)
 g - an amulet of faith
 h - a ring of wizardry (right hand)
 w - a ring of protection from cold
 x - an amulet of regeneration (around neck)
 y - an amulet of the acrobat
Wands
 z - a wand of acid (7)
 F - a wand of paralysis (20)
Scrolls
 c - a scroll of vulnerability {unknown}
 j - a scroll of fear
 l - a scroll of immolation {unknown}
 q - 2 scrolls of enchant weapon {unknown}
 A - 2 scrolls of magic mapping {unknown}
Potions
 e - 5 potions of lignification
 f - 3 potions of attraction
 k - a potion of curing
 n - 3 potions of might
 o - a potion of brilliance
 t - a potion of ambrosia
 u - a potion of magic {unknown}
 B - a potion of mutation {unknown}


   Skills:
 + Level 8.2(13.2) Fighting
 + Level 4.9(9.9) Short Blades
 + Level 4.9(9.9) Long Blades
 + Level 8.2(13.2) Axes
 + Level 4.9(9.9) Maces & Flails
 + Level 4.9(9.9) Polearms
 + Level 4.9(9.9) Staves
 + Level 4.9(9.9) Ranged Weapons
 + Level 4.9(9.9) Throwing
 + Level 4.9(9.9) Armour
 + Level 4.9(9.9) Dodging
 + Level 4.9(9.9) Stealth
 + Level 4.9(9.9) Shields
 + Level 4.9(9.9) Unarmed Combat
 + Level 5.7 Spellcasting
 + Level 4.0 Conjurations
 + Level 4.0 Hexes
 + Level 4.0 Summonings
 + Level 4.0 Necromancy
 + Level 4.0 Translocations
 + Level 4.0 Transmutations
 + Level 6.9 Fire Magic
 + Level 4.0 Ice Magic
 + Level 4.0 Air Magic
 + Level 4.0 Earth Magic
 + Level 4.0 Poison Magic
 + Level 5.3 Invocations
 + Level 4.9 Evocations


You had 14 spell levels left.
You knew the following spells:

 Your Spells              Type           Power      Damage    Failure   Level
a - Scorch                Fire           50%        2d7       1%          2
b - Stone Arrow           Conj/Erth      32%        3d9       7%          3

Your spell library contained the following spells:

 Spells                   Type           Power      Damage    Failure   Level
 Sandblast                Erth           32%        2d9       2%          1
 Passwall                 Tmut/Erth      13%        N/A       3%          2


Dungeon Overview and Level Annotations

Branches:
Dungeon (8/15)             Temple (0/1) D:4
   Lair: D:8-11

Altars:
Cheibriados
Dithmenos
Nemelex Xobeh
Okawaru
Qazlal
Ru
Xom
The Shining One


Innate Abilities, Weirdness & Mutations

You have very sharp teeth.
Your uncanny sense of smell can sniff out nearby items.
Your experience applies equally to all skills.


Message History

You slash the orc!
You kill the orc!
Okawaru accepts your kill.
You see here a +1 pair of gloves.
You start putting on your armour.
You continue putting on your +1 pair of gloves. x4
You finish putting on your +1 pair of gloves.
Items here: )) [ †.
q - 2 scrolls labelled WAWKIU AWIN (gained 1)
You open the door.
Found a stone staircase leading up.
Found a hand axe.
Found a trident.
You hear the quick creaking of a distant portcullis.
Found a stone staircase leading down. "These will know how to inflict the punishment due to you!" 3 fire elementals come into view.
You barely miss the fire elemental. You closely miss the fire elemental.
The fire elemental hits you. The fire elemental burns you!
You hit the fire elemental.
The fire elemental is lightly damaged.
You slash the fire elemental! x2; The fire elemental hits you.
The fire elemental burns you! The fire elemental closely misses you.
The fire elemental hits you. The fire elemental burns you!
The fire elemental hits you. The fire elemental burns you!
The fire elemental hits you. The fire elemental burns you!
The fire elemental hits you. The fire elemental burns you!
* * * LOW HITPOINT WARNING * * *
Okay, then.
Okay, then.
You can't see any enemies this would affect, really read the scroll of fear?
Okay, then.
You gain the combat prowess of a mighty hero.
The fire elemental hits you. The fire elemental burns you!
* * * LOW HITPOINT WARNING * * *
The fire elemental hits you. The fire elemental burns you!
* * * LOW HITPOINT WARNING * * *
The fire elemental hits you. The fire elemental burns you!
You die...

..#.#...... ...
....#....# #.#
#####....# #.#
....#....# #.#
###.#....####.#.# ∆
...)..........#.#
###.#.#.#######.# ∆
..............#E##
###.#.#.####...E@+
..)...........#E##
....#...#.##..○...
#####...#.##..#.###
....# ###.#.#
.#.#.# ..#.# #.#.#.
.>.#.# #####.#


You could see 3 fire elementals.

Vanquished Creatures
  Pikel (D:4)
  A wyvern (D:7)
  A steam dragon (D:7)
  3 water moccasins
  2 ice beasts
  3 black bears
  A sky beast (D:7)
  An orc warrior (D:7)
  A lemure (D:4)
  A phantom (D:6)
  A kobold brigand (D:6)
  5 bullfrogs
  A scorpion (D:3)
  A jelly (D:4)
  6 killer bees (D:7)
  2 howler monkeys
  4 hounds
  2 orc priests
  2 iguanas
  3 orc wizards
  Natasha (thrice) (D:3)
  9 adders
  2 ufetubi
  2 worms
  4 dart slugs
  14 orcs
  4 endoplasms
  A giant cockroach (D:2)
  4 goblins
  3 hobgoblins
  6 jackals
  2 quokkas (D:2)
  8 ball pythons
  2 bats
  3 frilled lizards
  12 kobolds
  5 rats
126 creatures vanquished.

Vanquished Creatures (others)
  48 foxfires
48 creatures vanquished.

Grand Total: 174 creatures vanquished

Notes
Turn   | Place    | Note
-------+----------+-------------------------------------------
     0 | D:1      | Arzdou the Gnoll Cinder Acolyte began the quest for the
                  | Orb.
     0 | D:1      | Reached XP level 1. HP: 23/23 MP: 4/4
    15 | D:1      | Found a faded altar of an unknown god.
   112 | D:1      | Reached XP level 2. HP: 26/29 MP: 5/5
   131 | D:1      | You fall into a shaft and drop 1 floor!
   193 | D:1      | Learned a level 2 spell: Scorch
   534 | D:2      | Reached XP level 3. HP: 22/35 MP: 4/7
   684 | D:2      | Reached skill level 1 in Invocations
   766 | D:2      | Found a shimmering altar of Xom.
  1018 | D:2      | Reached skill level 1 in Short Blades
  1018 | D:2      | Reached skill level 1 in Long Blades
  1018 | D:2      | Reached skill level 1 in Maces & Flails
  1018 | D:2      | Reached skill level 1 in Polearms
  1018 | D:2      | Reached skill level 1 in Staves
  1018 | D:2      | Reached skill level 1 in Ranged Weapons
  1018 | D:2      | Reached skill level 1 in Throwing
  1018 | D:2      | Reached skill level 1 in Armour
  1018 | D:2      | Reached skill level 1 in Dodging
  1018 | D:2      | Reached skill level 1 in Stealth
  1018 | D:2      | Reached skill level 1 in Shields
  1018 | D:2      | Reached skill level 1 in Unarmed Combat
  1018 | D:2      | Reached skill level 1 in Evocations
  1533 | D:3      | Noticed Natasha
  1542 | D:3      | Killed Natasha
  1543 | D:3      | Reached skill level 1 in Conjurations
  1543 | D:3      | Reached skill level 1 in Hexes
  1543 | D:3      | Reached skill level 1 in Summonings
  1543 | D:3      | Reached skill level 1 in Necromancy
  1543 | D:3      | Reached skill level 1 in Translocations
  1543 | D:3      | Reached skill level 1 in Transmutations
  1543 | D:3      | Reached skill level 1 in Ice Magic
  1543 | D:3      | Reached skill level 1 in Air Magic
  1543 | D:3      | Reached skill level 1 in Earth Magic
  1543 | D:3      | Reached skill level 1 in Poison Magic
  1543 | D:3      | Reached XP level 4. HP: 41/41 MP: 1/8
  2112 | D:3      | Noticed Natasha
  2115 | D:3      | Killed Natasha
  2116 | D:3      | Reached XP level 5. HP: 47/47 MP: 4/9
  2585 | D:3      | Noticed Natasha
  2593 | D:3      | Killed Natasha
  3116 | D:4      | Found a sacrificial altar of Ru.
  3365 | D:4      | Noticed a lemure
  3424 | D:4      | Killed a lemure
  3606 | D:3      | Reached XP level 6. HP: 44/53 MP: 6/11
  3786 | D:4      | Found a staircase to the Ecumenical Temple.
  4094 | D:4      | Noticed Pikel
  4137 | D:4      | Killed Pikel
  4138 | D:4      | Reached XP level 7. HP: 53/60 MP: 7/13
  4185 | D:4      | Learned a level 3 spell: Stone Arrow
  4671 | D:5      | Entered Level 5 of the Dungeon
  4689 | D:5      | Reached XP level 8. HP: 66/67 MP: 4/14
  5491 | D:5      | Found a shadowy altar of Dithmenos.
  5491 | D:5      | Found a stormy altar of Qazlal.
  5493 | D:5      | Found a snail-covered altar of Cheibriados.
  5674 | D:5      | Found a sparkling altar of Nemelex Xobeh.
  5677 | D:5      | Found a glowing golden altar of the Shining One.
  6658 | D:6      | Found an iron altar of Okawaru.
  6713 | D:6      | Identified the +0 robe of Hadjma {Fly Dex+4}
  6774 | D:6      | Reached XP level 9. HP: 59/73 MP: 6/16
  7154 | D:6      | Reached skill level 5 in Spellcasting
  8115 | D:7      | Reached skill level 5 in Invocations
  8817 | D:1      | Prayed at the altar of an unknown god.
  8817 | D:1      | Fell from the grace of Ignis
  8817 | D:1      | Became a worshipper of Warmaster Okawaru
  8817 | D:1      | Reached * piety under Okawaru
  9262 | D:8      | Noticed a hornet
  9443 | D:8      | Slain by a fire elemental

Illustrated notes

Levels and vault maps discovered:
D:1:      ncdulo_watergridlock, layout_rooms,
          hellmonk_ecumenical_altar_pennies_from_heaven
D:2:      layout_loops_ring, basic_altar, kennysheep_generic_room_5
D:3:      layout_basic, serial_park_tiny_pond, roderic_serpentine_path,
          uniq_natasha
D:4:      layout_basic, nicolae_ru_sacrificial_ziggurat,
          minmay_temple_entry_hall, uniq_pikel
D:5:      layout_loops_ring, nicolae_overflow_hidden_temple
D:6:      layout_gridville, mainiacjoe_overflow_surrounded_room
D:7:      layout_gridville, corexii_leaking_fountain, st_stairs_8
D:8:      layout_basic, enter_bailey_2

Skill      XL: |  1  2  3  4  5  6  7  8  9 |
---------------+----------------------------+-----
Invocations    | 1 2 3 4 5 |  5.3
Short Blades   | 1 2 3 4 |  4.9
Long Blades    | 1 2 3 4 |  4.9
Maces & Flails | 1 2 3 4 |  4.9
Polearms       | 1 2 3 4 |  4.9
Staves         | 1 2 3 4 |  4.9
Ranged Weapons | 1 2 3 4 |  4.9
Throwing       | 1 2 3 4 |  4.9
Armour         | 1 2 3 4 |  4.9
Dodging        | 1 2 3 4 |  4.9
Stealth        | 1 2 3 4 |  4.9
Shields        | 1 2 3 4 |  4.9
Unarmed Combat | 1 2 3 4 |  4.9
Evocations     | 1 2 3 4 |  4.9
Spellcasting   | 3 4 5 |  5.7
Conjurations   | 1 2 3 4 |  4.0
Hexes          | 1 2 3 4 |  4.0
Summonings     | 1 2 3 4 |  4.0
Necromancy     | 1 2 3 4 |  4.0
Translocations | 1 2 3 4 |  4.0
Transmutations | 1 2 3 4 |  4.0
Ice Magic      | 1 2 3 4 |  4.0
Air Magic      | 1 2 3 4 |  4.0
Earth Magic    | 1 2 3 4 |  4.0
Poison Magic   | 1 2 3 4 |  4.0
Fighting       | 7 8 |  8.2
Axes           | 7 8 |  8.2
Fire Magic     | 6 |  6.9

Action                     |  1- 3 |  4- 6 |  7- 9 || total
---------------------------+-------+-------+-------++-------
  Melee: Hand axe          |    58 |    54 |    36 ||   148
         Bite              |     3 |     5 |     4 ||    12
         Punch             |       |     1 |       ||     1
         Battleaxe         |       |       |    21 ||    21
   Fire: Sling             |       |       |    38 ||    38
   Cast: Scorch            |    26 |    42 |    50 ||   118
         Stone Arrow       |       |       |    46 ||    46
 Invoke: Foxfire Swarm     |       |     1 |     3 ||     4
         Fiery Armour      |       |     1 |     2 ||     3
         Heroism           |       |       |     2 ||     2
  Evoke: Wand              |       |       |     2 ||     2
    Use: Scroll            |       |     3 |     6 ||     9
         Potion            |       |       |     2 ||     2
 Armour: Robe              |    17 |       |       ||    17
         Leather armour    |     4 |    14 |    13 ||    31
         Scale mail        |       |       |    33 ||    33
  Dodge: Dodged            |    42 |    40 |    88 ||   170

Table legend: (Time is in decaauts)
 A = Elapsed time spent in this place.
 B = Non-inter-level travel time spent in this place.
 C = Inter-level travel time spent in this place.
 D = Time resting spent in this place.
 E = Time spent auto-exploring this place.
 F = Levels seen in this place.
 G = Mean time per level.
                   A        B        C        D        E       F      G
               +--------+--------+--------+--------+--------+-----+--------+
         Total |   9461 |   8930 |    531 |     49 |   7769 |   8 | 1182.6 |
       Dungeon |   9461 |   8930 |    531 |     49 |   7769 |   8 | 1182.6 |
               +--------+--------+--------+--------+--------+-----+--------+

Top non-repeatable levels by time:
     D:6: 1799 daAuts
     D:3: 1664 daAuts
     D:4: 1558 daAuts
     D:7: 1295 daAuts
     D:5: 1055 daAuts
     D:2: 1024 daAuts
     D:1: 537 daAuts
     D:8: 525 daAuts
